Jets vs Capitals
Created - November 28, 2025 at 20:59
Goals
|
| Jets |
1 |
1 |
1 |
3 |
| Capitals |
1 |
0 |
1 |
2 |
|
Shots
|
| Jets |
13 |
6 |
23 |
42 |
| Capitals |
10 |
8 |
9 |
27 |
|
1st period
1. Jets , Pavel Buchnevich 7 (Ryan Murray 6) at 11:09 (PP)
2. Capitals , Timo Meier 5 (Taylor Hall 13, Brandon Gormley 3) at 15:49 (PP)
Penalties :
Zach Bogosian (Was) for Boarding (Minor) at 10:37, Sam Reinhart (Win) for Hooking (Minor) at 14:11, Robby Fabbri (Win) for High sticking (Minor) at 16:34
2nd period
3. Jets , Tyler Seguin 3 (Pavel Buchnevich 5) at 15:52 (SH)
Penalties :
Pavel Buchnevich (Win) for Tripping (Minor) at 3:22, Sam Reinhart (Win) for Tripping (Minor) at 11:30, Jack Roslovic (Win) for High sticking (Double Minor) at 15:14
3rd period
4. Jets , Pavel Buchnevich 8 (Sam Reinhart 3, Nikita Zaitsev 3) at 2:16
5. Capitals , Joe Colborne 8 (Taylor Hall 14, Brandon Gormley 4) at 10:25
Penalties :
Dougie Hamilton (Win) for High sticking (Minor) at 18:10
Goalie Stats
Jacob Markstrom (Win), 25 saves from 27 shots - (0.926), W, 6-3-1, 60:00 minutes
Cory Schneider (Was), 39 saves from 42 shots - (0.929), L, 5-4-0, 60:00 minutes
Players Stats for Jets
Player Name G A P +/- PIM S H SB GA TA FO MP PP MP PK MP
------------------------------------------------------------------------------------
Alex Tuch 0 0 0 0 0 0 1 0 0 0 0/1 9:39 0:12 0:23
Anthony Beauvillier 0 0 0 0 0 0 0 0 0 0 0/0 11:01 0:00 2:39
Anthony Mantha 0 0 0 -1 0 5 1 0 0 1 1/1 22:56 0:20 6:39
Dougie Hamilton 0 0 0 0 2 5 0 3 1 0 0/0 26:30 0:32 6:36
Dylan Strome 0 0 0 0 0 1 1 0 0 0 1/4 10:56 0:00 1:51
Frank Vatrano 0 0 0 0 0 2 1 0 0 0 0/0 8:23 0:00 0:00
Jack Roslovic 0 0 0 -1 4 5 0 0 0 0 0/0 15:35 0:20 0:00
Jalen Chatfield 0 0 0 1 0 0 1 0 0 0 0/0 12:35 0:00 1:14
Mika Zibanejad 0 0 0 -1 0 5 3 2 0 1 13/27 22:55 0:20 6:38
Nikita Zaitsev 0 1 1 1 0 0 1 1 0 0 0/0 11:44 0:00 0:23
Noah Hanifin 0 0 0 0 0 0 0 0 0 0 0/0 19:45 0:00 5:19
Pavel Buchnevich 2 1 3 2 2 4 1 0 0 0 1/1 18:41 0:12 4:13
Robby Fabbri 0 0 0 0 2 0 0 0 0 0 0/0 9:16 0:00 0:18
Roope Hintz 0 0 0 0 0 5 1 0 0 0 3/4 8:05 0:00 0:03
Ryan Murray 0 1 1 0 0 2 0 1 0 2 0/0 27:27 0:32 7:32
Sam Reinhart 0 1 1 1 4 2 2 0 0 0 0/0 13:12 0:00 0:00
Troy Stetcher 0 0 0 0 0 3 2 0 0 0 0/0 19:45 0:00 5:19
Tyler Seguin 1 0 1 2 0 3 0 2 0 0 7/20 18:06 0:12 4:25
Players Stats for Capitals
Player Name G A P +/- PIM S H SB GA TA FO MP PP MP PK MP
------------------------------------------------------------------------------------
Adam Henrique 0 0 0 -1 0 4 1 0 0 0 12/15 16:53 5:15 0:00
Alexei Marchenko 0 0 0 1 0 1 1 1 0 0 0/0 23:49 6:57 0:32
Blake Pietila 0 0 0 0 0 3 3 0 0 0 1/1 12:21 0:56 0:00
Bobby Ryan 0 0 0 0 0 1 1 0 0 0 0/0 8:18 1:11 0:00
Brandon Gormley 0 2 2 1 0 0 4 0 0 0 0/0 23:17 6:57 0:00
Cal Clutterbuck 0 0 0 -1 0 2 0 0 0 0 0/0 16:51 5:15 0:00
Cody Hodgson 0 0 0 0 0 0 1 0 0 0 2/7 11:15 1:10 0:00
Colten Teubert 0 0 0 0 0 0 1 1 0 0 0/0 11:36 0:04 0:00
Joe Colborne 1 0 1 0 0 3 2 0 2 0 14/27 23:56 6:58 0:00
Kerby Rychel 0 0 0 0 0 1 0 0 0 0 0/0 6:59 0:12 0:00
Marko Dano 0 0 0 -1 0 1 1 0 2 0 1/1 16:52 5:15 0:00
Nicolas Aube-Kubel 0 0 0 0 0 2 3 0 0 0 0/0 9:49 0:00 0:00
Petter Granberg 0 0 0 0 0 0 0 1 0 0 0/0 10:19 0:04 0:00
Sergey Kalinin 0 0 0 0 0 0 0 0 0 0 0/4 8:26 0:00 0:32
Shea Theodore 0 0 0 -2 0 2 1 1 0 0 0/0 25:27 6:22 0:32
Taylor Hall 0 2 2 0 0 3 0 1 0 0 1/1 24:30 7:00 0:32
Timo Meier 1 0 1 0 0 4 0 0 0 0 1/2 23:55 6:57 0:00
Zach Bogosian 0 0 0 -2 2 0 1 0 0 1 0/0 24:54 6:22 0:00
3 Stars
1 - Pavel Buchnevich (Win)
2 - Tyler Seguin (Win)
3 - Brandon Gormley (Was)
Power Play
Jets - 1 on 1 Attempt(s) - 100.00%
Capitals - 1 on 7 Attempt(s) - 14.29%
Penalty Kill
Jets - 6 on 7 Attempt(s) - 85.71%
- Score 1 goal in Penalty Kill
Capitals - 0 on 1 Attempt(s) - 0.00%
- Score 0 goal in Penalty Kill
Team Stat
Jets - Hits : 15 - Faceoff Wins : 26 - Blocked Shots : 9 - Penalty Minutes : 14
Capitals - Hits : 20 - Faceoff Wins : 32 - Blocked Shots : 5 - Penalty Minutes : 2
Official
Referees : Brandon Schrader and Peter MacDougall
Linesman : Julien Fournier and Brandon Gawryletz
Game Notes
No Game Note
Finance
Level 1 -- Attendance: 6000 (100.00%) -- Ticket Income $600,000
Level 2 -- Attendance: 4985 (99.70%) -- Ticket Income $348,950
Level 3 -- Attendance: 2000 (100.00%) -- Ticket Income $80,000
Level 4 -- Attendance: 4000 (100.00%) -- Ticket Income $120,000
Luxury Box -- Attendance: 1000 (100.00%) -- Ticket Income $200,000
Game was played at the Capital One Arena.
Total Attendance: 17985 (99.92%)
Total Ticket Income: $1,348,950
Other Income: $202,342
Total Income: $1,551,292
Jets
5 vs 5 Forward
Center Left Wing Right Wing Time % Phy DF OF
1 Mika Zibanejad Anthony Mantha Jack Roslovic 33 0 2 3
2 Tyler Seguin Pavel Buchnevich Sam Reinhart 32 1 2 2
3 Dylan Strome Robby Fabbri Alex Tuch 20 0 2 3
4 Roope Hintz Anthony Beauvillier Frank Vatrano 15 1 2 2
5 vs 5 Defense
Defense Defense Time % Phy DF OF
1 Ryan Murray Dougie Hamilton 35 1 2 2
2 Troy Stetcher Noah Hanifin 30 1 2 2
3 Jalen Chatfield Nikita Zaitsev 25 1 2 2
4 Ryan Murray Dougie Hamilton 10 1 2 2
PowerPlay Forward
Center Left Wing Right Wing Time % Phy DF OF
1 Mika Zibanejad Anthony Mantha Jack Roslovic 60 1 0 4
2 Tyler Seguin Pavel Buchnevich Alex Tuch 40 1 0 4
PowerPlay Defense
Defense Defense Time % Phy DF OF
1 Ryan Murray Dougie Hamilton 60 0 1 4
2 Troy Stetcher Noah Hanifin 40 0 1 4
Penalty Kill 4 Players Forward
Center Wing Time % Phy DF OF
1 Mika Zibanejad Anthony Mantha 60 0 3 2
2 Tyler Seguin Pavel Buchnevich 40 0 3 2
Penalty Kill 4 Players Defense
Defense Defense Time % Phy DF OF
1 Ryan Murray Dougie Hamilton 60 1 3 1
2 Troy Stetcher Noah Hanifin 40 1 3 1
Penalty Kill - 3 Players Forward
Forward Time % Phy DF OF
1 Mika Zibanejad 60 0 4 1
2 Tyler Seguin 40 0 4 1
Penalty Kill - 3 Players Defense
Defense Defense Time % Phy DF OF
1 Ryan Murray Dougie Hamilton 60 1 4 0
2 Troy Stetcher Noah Hanifin 40 1 4 0
4 vs 4 Forward
Center Wing Time % Phy DF OF
1 Mika Zibanejad Anthony Mantha 60 1 2 2
2 Tyler Seguin Pavel Buchnevich 40 1 2 2
4 vs 4 Defense
Defense Defense Time % Phy DF OF
1 Ryan Murray Dougie Hamilton 60 1 2 2
2 Troy Stetcher Noah Hanifin 40 1 2 2
Last Minutes Offensive
Center Left Wing Right Wing Defense Defense
Mika Zibanejad Anthony Mantha Jack Roslovic Ryan Murray Dougie Hamilton
Last Minutes Defensive
Center Left Wing Right Wing Defense Defense
Mika Zibanejad Anthony Mantha Jack Roslovic Ryan Murray Dougie Hamilton
Goaltenders
Starting : Jacob Markstrom
Backup : Filip Gustavsson
Extra Forwards
Normal : Pavel Buchnevich, Alex Tuch, Frank Vatrano - PP : Pavel Buchnevich, Alex Tuch - PK : Pavel Buchnevich
Extra Defensemen
Normal : Noah Hanifin, Jalen Chatfield, Nikita Zaitsev - PP : Noah Hanifin - PK : Noah Hanifin, Jalen Chatfield
Penalty Shots
Mika Zibanejad, Tyler Seguin, Jack Roslovic, Anthony Mantha, Pavel Buchnevich
Custom OT Lines Forwards
Mika Zibanejad, Tyler Seguin, Jack Roslovic, Anthony Mantha, Pavel Buchnevich, Alex Tuch, Frank Vatrano, Robby Fabbri, Roope Hintz, Sam Reinhart
Custom OT Lines Defensemen
Ryan Murray, Dougie Hamilton, Troy Stetcher, Noah Hanifin, Jalen Chatfield
Scratches
None
Capitals
5 vs 5 Forward
Center Left Wing Right Wing Time % Phy DF OF
1 Joe Colborne Taylor Hall Timo Meier 40 0 1 4
2 Adam Henrique Marko Dano Cal Clutterbuck 30 0 1 4
3 Cody Hodgson Blake Pietila Nicolas Aube-Kubel 20 0 1 4
4 Sergey Kalinin Kerby Rychel Bobby Ryan 10 0 2 3
5 vs 5 Defense
Defense Defense Time % Phy DF OF
1 Zach Bogosian Shea Theodore 40 0 3 2
2 Alexei Marchenko Brandon Gormley 35 0 3 2
3 Colten Teubert Petter Granberg 20 0 3 2
4 Shea Theodore Zach Bogosian 5 0 3 2
PowerPlay Forward
Center Left Wing Right Wing Time % Phy DF OF
1 Joe Colborne Taylor Hall Timo Meier 60 0 0 5
2 Adam Henrique Marko Dano Cal Clutterbuck 40 0 0 5
PowerPlay Defense
Defense Defense Time % Phy DF OF
1 Zach Bogosian Shea Theodore 60 0 2 3
2 Alexei Marchenko Brandon Gormley 40 0 2 3
Penalty Kill 4 Players Forward
Center Wing Time % Phy DF OF
1 Sergey Kalinin Taylor Hall 60 0 4 1
2 Joe Colborne Cal Clutterbuck 40 0 4 1
Penalty Kill 4 Players Defense
Defense Defense Time % Phy DF OF
1 Zach Bogosian Shea Theodore 60 0 4 1
2 Alexei Marchenko Brandon Gormley 40 0 4 1
Penalty Kill - 3 Players Forward
Forward Time % Phy DF OF
1 Sergey Kalinin 60 0 5 0
2 Cal Clutterbuck 40 0 5 0
Penalty Kill - 3 Players Defense
Defense Defense Time % Phy DF OF
1 Zach Bogosian Shea Theodore 60 0 5 0
2 Alexei Marchenko Brandon Gormley 40 0 5 0
4 vs 4 Forward
Center Wing Time % Phy DF OF
1 Cody Hodgson Taylor Hall 60 0 1 4
2 Adam Henrique Marko Dano 40 0 1 4
4 vs 4 Defense
Defense Defense Time % Phy DF OF
1 Zach Bogosian Shea Theodore 60 0 3 2
2 Alexei Marchenko Brandon Gormley 40 0 3 2
Last Minutes Offensive
Center Left Wing Right Wing Defense Defense
Joe Colborne Taylor Hall Cal Clutterbuck Zach Bogosian Shea Theodore
Last Minutes Defensive
Center Left Wing Right Wing Defense Defense
Sergey Kalinin Taylor Hall Cal Clutterbuck Zach Bogosian Shea Theodore
Goaltenders
Starting : Cory Schneider
Backup : Ondrej Pavelec
Extra Forwards
Normal : Taylor Hall, Marko Dano, Timo Meier - PP : Taylor Hall, Marko Dano - PK : Taylor Hall
Extra Defensemen
Normal : Zach Bogosian, Shea Theodore, Alexei Marchenko - PP : Zach Bogosian - PK : Zach Bogosian, Shea Theodore
Penalty Shots
Taylor Hall, Marko Dano, Blake Pietila, Cal Clutterbuck, Timo Meier
Custom OT Lines Forwards
Taylor Hall, Marko Dano, Blake Pietila, Cal Clutterbuck, Timo Meier, Cody Hodgson, Bobby Ryan, Joe Colborne, Nicolas Aube-Kubel, Adam Henrique
Custom OT Lines Defensemen
Zach Bogosian, Shea Theodore, Alexei Marchenko, Brandon Gormley, Colten Teubert
Scratches
Brandon Burlon (Healthy)
% Time on Ice - Jets
Lines # - Real PCT - Wanted PCT - Time Play
Normal Forward
1 - 35% - 33% - 15:57
2 - 34% - 32% - 15:44
3 - 18% - 20% - 8:20
4 - 13% - 15% - 6:04
Normal Defense
1 - 39% - 35% - 17:52
2 - 33% - 30% - 15:21
3 - 25% - 25% - 11:21
4 - 3% - 10% - 1:31
PP Forward
1 - 63% - 60% - 0:20
2 - 38% - 40% - 0:12
PP Defense
1 - 100% - 60% - 0:32
2 - 0% - 40% - 0:00
PK Forward
1 - 68% - 60% - 9:08
2 - 32% - 40% - 4:15
PK Defense
1 - 63% - 60% - 8:25
2 - 37% - 40% - 4:58
PK3 Forward
1 - 0% - 60%
2 - 0% - 40%
PK3 Defense
1 - 0% - 60%
2 - 0% - 40%
44 Forward
1 - 0% - 60%
2 - 0% - 40%
44 Defense
1 - 0% - 60%
2 - 0% - 40%
Last Minute Offensive - 0:00
Last Minute Defensive - 0:00
Total
Forward - 60:00
Defense - 60:00
|
% Time on Ice - Capitals
Lines # - Real PCT - Wanted PCT - Time Play
Normal Forward
1 - 38% - 40% - 17:17
2 - 30% - 30% - 13:56
3 - 20% - 20% - 9:03
4 - 13% - 10% - 5:49
Normal Defense
1 - 41% - 40% - 18:50
2 - 35% - 35% - 16:20
3 - 22% - 20% - 10:11
4 - 2% - 5% - 0:44
PP Forward
1 - 61% - 60% - 8:08
2 - 39% - 40% - 5:15
PP Defense
1 - 48% - 60% - 6:22
2 - 52% - 40% - 7:01
PK Forward
1 - 100% - 60% - 0:32
2 - 0% - 40% - 0:00
PK Defense
1 - 100% - 60% - 0:32
2 - 0% - 40% - 0:00
PK3 Forward
1 - 0% - 60%
2 - 0% - 40%
PK3 Defense
1 - 0% - 60%
2 - 0% - 40%
44 Forward
1 - 0% - 60%
2 - 0% - 40%
44 Defense
1 - 0% - 60%
2 - 0% - 40%
Last Minute Offensive - 0:00
Last Minute Defensive - 0:00
Total
Forward - 60:00
Defense - 60:00
|
Play-by-Play
1st period
0:01 of 1st period - Mika Zibanejad wins face-off versus Joe Colborne in neutral zone.
0:28 of 1st period - Wrist shot by Cal Clutterbuck.
0:28 of 1st period - Stopped by Jacob Markstrom without a rebound.
0:29 of 1st period - Adam Henrique wins face-off versus Tyler Seguin in Jets zone.
0:36 of 1st period - Snap shot by Adam Henrique.
0:36 of 1st period - Stopped by Jacob Markstrom with a rebound.
0:38 of 1st period - Wrist shot by Alexei Marchenko.
0:38 of 1st period - Shot Misses the Net.
0:40 of 1st period - Wrist shot by Marko Dano.
0:40 of 1st period - Stopped by Jacob Markstrom without a rebound.
0:41 of 1st period - Dylan Strome wins face-off versus Cody Hodgson in Jets zone.
0:50 of 1st period - Petter Granberg is hit by Nikita Zaitsev and loses puck.
0:55 of 1st period - Snap shot by Alex Tuch.
0:55 of 1st period - Shot Blocked by Petter Granberg.
0:57 of 1st period - Snap shot by Dylan Strome.
0:57 of 1st period - Stopped by Cory Schneider without a rebound.
0:58 of 1st period - Roope Hintz wins face-off versus Sergey Kalinin in Capitals zone.
2:16 of 1st period - Wrist shot by Adam Henrique.
2:16 of 1st period - Shot Blocked by Nikita Zaitsev.
2:18 of 1st period - Slapshot by Brandon Gormley.
2:18 of 1st period - Shot Misses the Net.
2:20 of 1st period - Snap shot by Cal Clutterbuck.
2:20 of 1st period - Shot Blocked by Tyler Seguin.
2:27 of 1st period - Icing by Pavel Buchnevich.
2:28 of 1st period - Tyler Seguin wins face-off versus Cody Hodgson in Jets zone.
2:33 of 1st period - Nicolas Aube-Kubel is hit by Mika Zibanejad and loses puck.
2:57 of 1st period - Off-side.
2:58 of 1st period - Adam Henrique wins face-off versus Roope Hintz in neutral zone.
3:03 of 1st period - Wrist shot by Cal Clutterbuck.
3:03 of 1st period - Shot Misses the Net.
3:24 of 1st period - Slapshot by Roope Hintz.
3:24 of 1st period - Stopped by Cory Schneider with a rebound.
3:26 of 1st period - Backhand shot by Ryan Murray.
3:26 of 1st period - Shot Blocked by Colten Teubert.
3:50 of 1st period - Backhand shot by Frank Vatrano.
3:50 of 1st period - Stopped by Cory Schneider without a rebound.
3:51 of 1st period - Tyler Seguin wins face-off versus Joe Colborne in Capitals zone.
5:32 of 1st period - Slapshot by Dougie Hamilton.
5:32 of 1st period - Stopped by Cory Schneider without a rebound.
5:33 of 1st period - Cody Hodgson wins face-off versus Mika Zibanejad in Capitals zone.
6:21 of 1st period - Sergey Kalinin is hit by Jalen Chatfield and loses puck.
7:10 of 1st period - Slapshot by Cody Hodgson.
7:10 of 1st period - Shot Misses the Net.
7:12 of 1st period - Slapshot by Alexei Marchenko.
7:12 of 1st period - Shot Misses the Net.
7:46 of 1st period - Zach Bogosian is hit by Roope Hintz and loses puck.
7:53 of 1st period - Slapshot by Roope Hintz.
7:53 of 1st period - Stopped by Cory Schneider with a rebound.
8:27 of 1st period - Slapshot by Jack Roslovic.
8:27 of 1st period - Deflect By Anthony Mantha.
8:27 of 1st period - Stopped by Cory Schneider without a rebound.
8:28 of 1st period - Joe Colborne wins face-off versus Mika Zibanejad in Capitals zone.
9:37 of 1st period - Slapshot by Jack Roslovic.
9:37 of 1st period - Stopped by Cory Schneider with a rebound.
9:45 of 1st period - Snap shot by Nicolas Aube-Kubel.
9:45 of 1st period - Stopped by Jacob Markstrom without a rebound.
9:46 of 1st period - Joe Colborne wins face-off versus Tyler Seguin in Jets zone.
9:55 of 1st period - Wrist shot by Taylor Hall.
9:55 of 1st period - Shot Misses the Net.
9:57 of 1st period - Snap shot by Taylor Hall.
9:57 of 1st period - Stopped by Jacob Markstrom without a rebound.
9:58 of 1st period - Mika Zibanejad wins face-off versus Joe Colborne in Jets zone.
10:04 of 1st period - Off-side.
10:05 of 1st period - Joe Colborne wins face-off versus Mika Zibanejad in neutral zone.
10:12 of 1st period - Wrist shot by Timo Meier.
10:12 of 1st period - Stopped by Jacob Markstrom without a rebound.
10:13 of 1st period - Mika Zibanejad wins face-off versus Joe Colborne in Jets zone.
10:24 of 1st period - Wrist shot by Anthony Mantha.
10:24 of 1st period - Stopped by Cory Schneider with a rebound.
10:26 of 1st period - Wrist shot by Jack Roslovic.
10:26 of 1st period - Stopped by Cory Schneider without a rebound.
10:27 of 1st period - Pavel Buchnevich wins face-off versus Joe Colborne in Capitals zone.
10:37 of 1st period - Minor Penalty to Zach Bogosian for Boarding.
10:38 of 1st period - Mika Zibanejad wins face-off versus Sergey Kalinin in Capitals zone.
10:46 of 1st period - Wrist shot by Anthony Mantha.
10:46 of 1st period - Stopped by Cory Schneider with a rebound.
10:48 of 1st period - Slapshot by Dougie Hamilton.
10:48 of 1st period - Deflect By Taylor Hall.
10:48 of 1st period - Stopped by Cory Schneider with a rebound.
10:50 of 1st period - Snap shot by Jack Roslovic.
10:50 of 1st period - Shot Misses the Net.
11:09 of 1st period - Wrist shot by Pavel Buchnevich.
11:09 of 1st period - Goal by Pavel Buchnevich - Jets : 1 - Capitals : 0.
11:10 of 1st period - Joe Colborne wins face-off versus Dylan Strome in neutral zone.
11:37 of 1st period - Shea Theodore is hit by Mika Zibanejad and loses puck.
12:24 of 1st period - Dougie Hamilton is hit by Joe Colborne and loses puck.
12:50 of 1st period - Snap shot by Jack Roslovic.
12:50 of 1st period - Stopped by Cory Schneider without a rebound.
12:51 of 1st period - Adam Henrique wins face-off versus Mika Zibanejad in Capitals zone.
13:18 of 1st period - Jack Roslovic is hit by Blake Pietila and loses puck.
13:43 of 1st period - Snap shot by Taylor Hall.
13:43 of 1st period - Stopped by Jacob Markstrom without a rebound.
13:44 of 1st period - Tyler Seguin wins face-off versus Joe Colborne in Jets zone.
13:49 of 1st period - Zach Bogosian is hit by Pavel Buchnevich and loses puck.
13:54 of 1st period - Snap shot by Sam Reinhart.
13:54 of 1st period - Shot Misses the Net.
13:56 of 1st period - Snap shot by Sam Reinhart.
13:56 of 1st period - Shot Blocked by Shea Theodore.
14:11 of 1st period - Minor Penalty to Sam Reinhart for Hooking.
14:12 of 1st period - Mika Zibanejad wins face-off versus Joe Colborne in Jets zone.
14:39 of 1st period - Dougie Hamilton is hit by Adam Henrique and loses puck.
14:51 of 1st period - Icing by Cal Clutterbuck.
14:52 of 1st period - Adam Henrique wins face-off versus Tyler Seguin in Capitals zone.
15:19 of 1st period - Wrist shot by Adam Henrique.
15:19 of 1st period - Stopped by Jacob Markstrom with a rebound.
15:45 of 1st period - Snap shot by Timo Meier.
15:45 of 1st period - Shot Blocked by Ryan Murray.
15:47 of 1st period - Snap shot by Taylor Hall.
15:47 of 1st period - Shot Blocked by Dougie Hamilton.
15:49 of 1st period - Snap shot by Timo Meier.
15:49 of 1st period - Goal by Timo Meier - Jets : 1 - Capitals : 1.
15:50 of 1st period - Joe Colborne wins face-off versus Tyler Seguin in neutral zone.
16:34 of 1st period - Minor Penalty to Robby Fabbri for High sticking.
16:35 of 1st period - Mika Zibanejad wins face-off versus Joe Colborne in Jets zone.
16:51 of 1st period - Wrist shot by Taylor Hall.
16:51 of 1st period - Stopped by Jacob Markstrom with a rebound.
17:01 of 1st period - Mika Zibanejad is hit by Brandon Gormley and loses puck.
18:34 of 1st period - Penalty to Robby Fabbri is over, Robby Fabbri is back on ice.
18:45 of 1st period - Robby Fabbri is hit by Bobby Ryan and loses puck.
19:11 of 1st period - Icing by Zach Bogosian.
19:12 of 1st period - Cody Hodgson wins face-off versus Tyler Seguin in Capitals zone.
19:23 of 1st period - Icing by Colten Teubert.
19:24 of 1st period - Mika Zibanejad wins face-off versus Cody Hodgson in Capitals zone.
Goals for this period are 1 for Jets vs 1 for Capitals.
Shots for this period are 13 for Jets vs 10 for Capitals.
2nd period
0:01 of 2nd period - Anthony Mantha wins face-off versus Joe Colborne in neutral zone.
0:05 of 2nd period - Dougie Hamilton is hit by Brandon Gormley and loses puck.
0:26 of 2nd period - Pavel Buchnevich is hit by Brandon Gormley and loses puck.
0:33 of 2nd period - Tyler Seguin is hit by Nicolas Aube-Kubel and loses puck.
0:47 of 2nd period - Icing by Nikita Zaitsev.
0:48 of 2nd period - Tyler Seguin wins face-off versus Adam Henrique in Jets zone.
1:28 of 2nd period - Snap shot by Marko Dano.
1:28 of 2nd period - Shot Misses the Net.
1:30 of 2nd period - Slapshot by Zach Bogosian.
1:30 of 2nd period - Deflect By Marko Dano.
1:30 of 2nd period - Shot Misses the Net.
1:30 of 2nd period - Puck is out of play.
1:31 of 2nd period - Mika Zibanejad wins face-off versus Joe Colborne in Jets zone.
2:26 of 2nd period - Off-side.
2:27 of 2nd period - Adam Henrique wins face-off versus Mika Zibanejad in neutral zone.
2:44 of 2nd period - Wrist shot by Adam Henrique.
2:44 of 2nd period - Stopped by Jacob Markstrom with a rebound.
3:00 of 2nd period - Noah Hanifin is hit by Zach Bogosian and loses puck.
3:11 of 2nd period - Backhand shot by Shea Theodore.
3:11 of 2nd period - Shot Misses the Net.
3:22 of 2nd period - Minor Penalty to Pavel Buchnevich for Tripping.
3:23 of 2nd period - Mika Zibanejad wins face-off versus Joe Colborne in Jets zone.
3:33 of 2nd period - Snap shot by Mika Zibanejad.
3:33 of 2nd period - Stopped by Cory Schneider without a rebound.
3:34 of 2nd period - Mika Zibanejad wins face-off versus Timo Meier in Capitals zone.
4:16 of 2nd period - Backhand shot by Ryan Murray.
4:16 of 2nd period - Stopped by Cory Schneider with a rebound.
5:22 of 2nd period - Penalty to Pavel Buchnevich is over, Pavel Buchnevich is back on ice.
6:05 of 2nd period - Snap shot by Taylor Hall.
6:05 of 2nd period - Shot Misses the Net.
6:07 of 2nd period - Snap shot by Joe Colborne.
6:07 of 2nd period - Shot Misses the Net.
6:09 of 2nd period - Snap shot by Brandon Gormley.
6:09 of 2nd period - Shot Blocked by Mika Zibanejad.
6:11 of 2nd period - Snap shot by Joe Colborne.
6:11 of 2nd period - Shot Misses the Net.
6:13 of 2nd period - Slapshot by Alexei Marchenko.
6:13 of 2nd period - Stopped by Jacob Markstrom without a rebound.
6:14 of 2nd period - Adam Henrique wins face-off versus Dylan Strome in Jets zone.
6:30 of 2nd period - Off-side.
6:31 of 2nd period - Roope Hintz wins face-off versus Cody Hodgson in neutral zone.
7:27 of 2nd period - Snap shot by Dougie Hamilton.
7:27 of 2nd period - Deflect By Bobby Ryan.
7:27 of 2nd period - Stopped by Cory Schneider with a rebound.
7:49 of 2nd period - Snap shot by Blake Pietila.
7:49 of 2nd period - Stopped by Jacob Markstrom with a rebound.
8:19 of 2nd period - Kerby Rychel is hit by Alex Tuch.
8:50 of 2nd period - Off-side.
8:51 of 2nd period - Mika Zibanejad wins face-off versus Sergey Kalinin in neutral zone.
9:12 of 2nd period - Slapshot by Troy Stetcher.
9:12 of 2nd period - Deflect By Cal Clutterbuck.
9:12 of 2nd period - Stopped by Cory Schneider with a rebound.
9:18 of 2nd period - Noah Hanifin is hit by Marko Dano and loses puck.
10:07 of 2nd period - Anthony Beauvillier is hit by Colten Teubert and loses puck.
11:04 of 2nd period - Icing by Taylor Hall.
11:05 of 2nd period - Joe Colborne wins face-off versus Tyler Seguin in Capitals zone.
11:12 of 2nd period - Ryan Murray is hit by Shea Theodore and loses puck.
11:30 of 2nd period - Minor Penalty to Sam Reinhart for Tripping.
11:31 of 2nd period - Adam Henrique wins face-off versus Mika Zibanejad in Jets zone.
12:03 of 2nd period - Off-side.
12:04 of 2nd period - Tyler Seguin wins face-off versus Joe Colborne in neutral zone.
12:13 of 2nd period - Wrist shot by Tyler Seguin.
12:13 of 2nd period - Shot Misses the Net.
12:42 of 2nd period - Wrist shot by Cal Clutterbuck.
12:42 of 2nd period - Stopped by Jacob Markstrom with a rebound.
13:17 of 2nd period - Timo Meier is hit by Troy Stetcher and loses puck.
13:30 of 2nd period - Penalty to Sam Reinhart is over, Sam Reinhart is back on ice.
13:38 of 2nd period - Dylan Strome is hit by Nicolas Aube-Kubel and loses puck.
13:59 of 2nd period - Colten Teubert is hit by Frank Vatrano and loses puck.
14:04 of 2nd period - Slapshot by Roope Hintz.
14:04 of 2nd period - Stopped by Cory Schneider without a rebound.
14:05 of 2nd period - Blake Pietila wins face-off versus Tyler Seguin in Capitals zone.
14:47 of 2nd period - Zach Bogosian is hit by Mika Zibanejad and loses puck.
14:59 of 2nd period - Icing by Mika Zibanejad.
15:00 of 2nd period - Adam Henrique wins face-off versus Mika Zibanejad in Jets zone.
15:09 of 2nd period - Slapshot by Cal Clutterbuck.
15:09 of 2nd period - Shot Misses the Net.
15:14 of 2nd period - Double Minor Penalty to Jack Roslovic for High sticking.
15:15 of 2nd period - Joe Colborne wins face-off versus Mika Zibanejad in Jets zone.
15:18 of 2nd period - Wrist shot by Timo Meier.
15:18 of 2nd period - Shot Blocked by Dougie Hamilton.
15:20 of 2nd period - Slapshot by Shea Theodore.
15:20 of 2nd period - Stopped by Jacob Markstrom without a rebound.
15:21 of 2nd period - Taylor Hall wins face-off versus Mika Zibanejad in Jets zone.
15:52 of 2nd period - Snap shot by Tyler Seguin.
15:52 of 2nd period - Goal by Tyler Seguin - Jets : 2 - Capitals : 1.
15:53 of 2nd period - Joe Colborne wins face-off versus Mika Zibanejad in neutral zone.
16:08 of 2nd period - Anthony Mantha is hit by Joe Colborne and loses puck.
18:47 of 2nd period - Snap shot by Blake Pietila.
18:47 of 2nd period - Stopped by Jacob Markstrom with a rebound.
18:49 of 2nd period - Slapshot by Shea Theodore.
18:49 of 2nd period - Stopped by Jacob Markstrom with a rebound.
18:51 of 2nd period - Snap shot by Zach Bogosian.
18:51 of 2nd period - Shot Blocked by Mika Zibanejad.
18:53 of 2nd period - Slapshot by Bobby Ryan.
18:53 of 2nd period - Stopped by Jacob Markstrom without a rebound.
18:54 of 2nd period - Joe Colborne wins face-off versus Tyler Seguin in Jets zone.
19:14 of 2nd period - Penalty to Jack Roslovic is over, Jack Roslovic is back on ice.
19:17 of 2nd period - Ryan Murray is hit by Brandon Gormley and loses puck.
19:38 of 2nd period - Snap shot by Robby Fabbri.
19:38 of 2nd period - Shot Misses the Net.
19:40 of 2nd period - Slapshot by Robby Fabbri.
19:40 of 2nd period - Shot Misses the Net.
Goals for this period are 1 for Jets vs 0 for Capitals.
Shots for this period are 6 for Jets vs 8 for Capitals.
3rd period
0:01 of 3rd period - Joe Colborne wins face-off versus Tyler Seguin in neutral zone.
0:26 of 3rd period - Mika Zibanejad is hit by Alexei Marchenko and loses puck.
0:35 of 3rd period - Slapshot by Jack Roslovic.
0:35 of 3rd period - Stopped by Cory Schneider with a rebound.
0:37 of 3rd period - Snap shot by Ryan Murray.
0:37 of 3rd period - Stopped by Cory Schneider without a rebound.
0:38 of 3rd period - Joe Colborne wins face-off versus Tyler Seguin in Capitals zone.
0:43 of 3rd period - Snap shot by Tyler Seguin.
0:43 of 3rd period - Deflect By Sam Reinhart.
0:43 of 3rd period - Stopped by Cory Schneider with a rebound.
0:45 of 3rd period - Snap shot by Sam Reinhart.
0:45 of 3rd period - Stopped by Cory Schneider without a rebound.
0:46 of 3rd period - Timo Meier wins face-off versus Tyler Seguin in Capitals zone.
1:05 of 3rd period - Snap shot by Tyler Seguin.
1:05 of 3rd period - Stopped by Cory Schneider with a rebound.
1:07 of 3rd period - Snap shot by Pavel Buchnevich.
1:07 of 3rd period - Stopped by Cory Schneider with a rebound.
1:17 of 3rd period - Snap shot by Pavel Buchnevich.
1:17 of 3rd period - Stopped by Cory Schneider with a rebound.
1:19 of 3rd period - Wrist shot by Tyler Seguin.
1:19 of 3rd period - Stopped by Cory Schneider with a rebound.
1:23 of 3rd period - Slapshot by Pavel Buchnevich.
1:23 of 3rd period - Shot Misses the Net.
1:59 of 3rd period - Shea Theodore is hit by Sam Reinhart and loses puck.
2:16 of 3rd period - Snap shot by Pavel Buchnevich.
2:16 of 3rd period - Goal by Pavel Buchnevich - Jets : 3 - Capitals : 1.
2:17 of 3rd period - Adam Henrique wins face-off versus Mika Zibanejad in neutral zone.
2:53 of 3rd period - Slapshot by Nicolas Aube-Kubel.
2:53 of 3rd period - Stopped by Jacob Markstrom with a rebound.
3:05 of 3rd period - Snap shot by Dougie Hamilton.
3:05 of 3rd period - Shot Misses the Net.
3:08 of 3rd period - Icing by Kerby Rychel.
3:09 of 3rd period - Roope Hintz wins face-off versus Sergey Kalinin in Capitals zone.
3:18 of 3rd period - Snap shot by Kerby Rychel.
3:18 of 3rd period - Deflect By Troy Stetcher.
3:18 of 3rd period - Stopped by Jacob Markstrom without a rebound.
3:19 of 3rd period - Adam Henrique wins face-off versus Mika Zibanejad in Jets zone.
3:24 of 3rd period - Wrist shot by Adam Henrique.
3:24 of 3rd period - Stopped by Jacob Markstrom without a rebound.
3:25 of 3rd period - Mika Zibanejad wins face-off versus Adam Henrique in Jets zone.
3:38 of 3rd period - Snap shot by Mika Zibanejad.
3:38 of 3rd period - Stopped by Cory Schneider with a rebound.
3:40 of 3rd period - Slapshot by Dougie Hamilton.
3:40 of 3rd period - Deflect By Jack Roslovic.
3:40 of 3rd period - Shot Misses the Net.
3:40 of 3rd period - Puck is out of play.
3:41 of 3rd period - Joe Colborne wins face-off versus Tyler Seguin in Capitals zone.
3:46 of 3rd period - Snap shot by Joe Colborne.
3:46 of 3rd period - Stopped by Jacob Markstrom with a rebound.
3:48 of 3rd period - Wrist shot by Timo Meier.
3:48 of 3rd period - Stopped by Jacob Markstrom with a rebound.
3:50 of 3rd period - Snap shot by Brandon Gormley.
3:50 of 3rd period - Deflect By Timo Meier.
3:50 of 3rd period - Stopped by Jacob Markstrom with a rebound.
3:58 of 3rd period - Wrist shot by Joe Colborne.
3:58 of 3rd period - Shot Blocked by Dougie Hamilton.
4:08 of 3rd period - Wrist shot by Blake Pietila.
4:08 of 3rd period - Stopped by Jacob Markstrom without a rebound.
4:09 of 3rd period - Mika Zibanejad wins face-off versus Cody Hodgson in Jets zone.
4:09 of 3rd period - Mika Zibanejad is hit by Cody Hodgson.
4:17 of 3rd period - Snap shot by Jack Roslovic.
4:17 of 3rd period - Stopped by Cory Schneider with a rebound.
4:47 of 3rd period - Wrist shot by Dylan Strome.
4:47 of 3rd period - Shot Misses the Net.
4:49 of 3rd period - Slapshot by Troy Stetcher.
4:49 of 3rd period - Stopped by Cory Schneider without a rebound.
4:50 of 3rd period - Tyler Seguin wins face-off versus Joe Colborne in Capitals zone.
5:00 of 3rd period - Off-side.
5:01 of 3rd period - Joe Colborne wins face-off versus Mika Zibanejad in neutral zone.
5:08 of 3rd period - Backhand shot by Mika Zibanejad.
5:08 of 3rd period - Stopped by Cory Schneider without a rebound.
5:09 of 3rd period - Joe Colborne wins face-off versus Mika Zibanejad in Capitals zone.
5:22 of 3rd period - Wrist shot by Taylor Hall.
5:22 of 3rd period - Shot Misses the Net.
6:11 of 3rd period - Slapshot by Anthony Mantha.
6:11 of 3rd period - Stopped by Cory Schneider with a rebound.
6:13 of 3rd period - Snap shot by Mika Zibanejad.
6:13 of 3rd period - Stopped by Cory Schneider with a rebound.
6:15 of 3rd period - Wrist shot by Anthony Mantha.
6:15 of 3rd period - Stopped by Cory Schneider with a rebound.
6:49 of 3rd period - Snap shot by Mika Zibanejad.
6:49 of 3rd period - Shot Misses the Net.
6:51 of 3rd period - Slapshot by Ryan Murray.
6:51 of 3rd period - Shot Blocked by Alexei Marchenko.
6:53 of 3rd period - Slapshot by Dougie Hamilton.
6:53 of 3rd period - Stopped by Cory Schneider with a rebound.
7:46 of 3rd period - Wrist shot by Jack Roslovic.
7:46 of 3rd period - Shot Misses the Net.
7:48 of 3rd period - Wrist shot by Mika Zibanejad.
7:48 of 3rd period - Stopped by Cory Schneider with a rebound.
7:50 of 3rd period - Slapshot by Dougie Hamilton.
7:50 of 3rd period - Stopped by Cory Schneider with a rebound.
7:52 of 3rd period - Snap shot by Ryan Murray.
7:52 of 3rd period - Shot Blocked by Taylor Hall.
8:24 of 3rd period - Snap shot by Joe Colborne.
8:24 of 3rd period - Stopped by Jacob Markstrom with a rebound.
9:21 of 3rd period - Snap shot by Mika Zibanejad.
9:21 of 3rd period - Shot Misses the Net.
10:07 of 3rd period - Wrist shot by Mika Zibanejad.
10:07 of 3rd period - Shot Misses the Net.
10:25 of 3rd period - Snap shot by Joe Colborne.
10:25 of 3rd period - Goal by Joe Colborne - Jets : 3 - Capitals : 2.
10:26 of 3rd period - Tyler Seguin wins face-off versus Adam Henrique in neutral zone.
12:09 of 3rd period - Nikita Zaitsev is hit by Nicolas Aube-Kubel and loses puck.
12:24 of 3rd period - Colten Teubert is hit by Sam Reinhart and loses puck.
13:03 of 3rd period - Sam Reinhart is hit by Blake Pietila and loses puck.
13:14 of 3rd period - Sergey Kalinin is hit by Dylan Strome and loses puck.
13:52 of 3rd period - Icing by Tyler Seguin.
13:53 of 3rd period - Marko Dano wins face-off versus Dylan Strome in Jets zone.
16:47 of 3rd period - Shea Theodore is hit by Troy Stetcher.
16:56 of 3rd period - Frank Vatrano is hit by Blake Pietila and loses puck.
17:36 of 3rd period - Wrist shot by Roope Hintz.
17:36 of 3rd period - Stopped by Cory Schneider with a rebound.
17:38 of 3rd period - Snap shot by Anthony Beauvillier.
17:38 of 3rd period - Shot Misses the Net.
17:50 of 3rd period - Slapshot by Troy Stetcher.
17:50 of 3rd period - Stopped by Cory Schneider with a rebound.
17:52 of 3rd period - Snap shot by Roope Hintz.
17:52 of 3rd period - Stopped by Cory Schneider with a rebound.
17:54 of 3rd period - Snap shot by Frank Vatrano.
17:54 of 3rd period - Shot Misses the Net.
18:04 of 3rd period - Snap shot by Frank Vatrano.
18:04 of 3rd period - Stopped by Cory Schneider without a rebound.
18:05 of 3rd period - Adam Henrique wins face-off versus Alex Tuch in Capitals zone.
18:10 of 3rd period - Minor Penalty to Dougie Hamilton for High sticking.
18:11 of 3rd period - Adam Henrique wins face-off versus Tyler Seguin in Jets zone.
18:20 of 3rd period - Snap shot by Adam Henrique.
18:20 of 3rd period - Shot Blocked by Tyler Seguin.
18:42 of 3rd period - Marko Dano is hit by Anthony Mantha and loses puck.
Goals for this period are 1 for Jets vs 1 for Capitals.
Shots for this period are 23 for Jets vs 9 for Capitals.